 Dungeon Crawl Stone Soup version 0.28-a0-706-gf6f64a616a (webtiles) character file.

Game seed: 12490104616553459004

62692 marklar909 the Basher (level 14, -27/117 HPs)
             Began as a Palentonga Artificer on Oct 23, 2021.
             Was a High Priest of Okawaru.
             Annihilated by a large abomination (63 damage)
             ... on level 6 of the Lair of Beasts on Oct 24, 2021.
             The game lasted 01:20:54 (30687 turns).

marklar909 the Basher (Palentonga Artificer)       Turns: 30687, Time: 01:20:54

Health: -27/117    AC: 43    Str: 24    XL:     14   Next: 65%
Magic:  31/31      EV:  5    Int: 20    God:    Okawaru [*****.]
Gold:   1498       SH:  0    Dex: 18    Spells: 11/22 levels left

rFire   + . .      SeeInvis +   T - +11 whip "Tyfrat" {drain, Str+5 Int+3 SInv Stlth-}
rCold   . . .      Faith    .   l - +0 buckler
rNeg    . . .      Spirit   .   W - +3 plate armour {rPois}
rPois   +          Reflect  +   Q - +3 hat of Pondering {ponderous, Will+ MP+10 Int+5}
rElec   +          Harm     .   Y - +2 cloak
rCorr   .          Rampage  .   L - +2 pair of gloves
Will    ++...                   b - +6 lightning scales {swift, rElec}
Stlth   ..........              F - amulet of reflection
HPRegen 0.00/turn               a - +6 ring of dexterity
MPRegen 0.22/turn               m - ring of protection from fire

@: confused, sleeping, finesse-ful, ambrosia-drunk, sick, curled up
A: large, rugged brown scales 3, see invisible, deformed body, roll 1, armoured
tail, reflexive curl
a: Rolling Charge, Renounce Religion, Heroism, Finesse, Duel


You were on level 6 of the Lair of Beasts.
You worshipped Okawaru.
Okawaru was extremely pleased with you.
You visited 3 branches of the dungeon, and saw 18 of its levels.

You collected 1498 gold pieces.

Inventory:

Hand Weapons
 G - a +2 morningstar of electrocution
 I - a +2 vorpal morningstar
 T - the +11 whip "Tyfrat" (weapon) {drain, Str+5 Int+3 SInv Stlth-}
   (You found it on level 3 of the Lair of Beasts)

   A truly terrible weapon, it drains the life of any living foe it strikes.
   Str:       It affects your strength (+5).
   Int:       It affects your intelligence (+3).
   SInv:      It lets you see invisible.
   Stlth:     It makes you less stealthy.
Missiles
 g - 5 javelins
 w - 19 poisoned darts
 C - 426 stones
 N - 2 throwing nets
Armour
 b - the +6 lightning scales (worn) {swift, rElec}
   (You acquired it on level 2 of the Dungeon)

   It allows the wearer to cover ground more swiftly.
   rElec:     It insulates you from electricity.
 l - a +0 buckler (worn)
 L - a +2 pair of gloves (worn)
 Q - the +3 hat of Pondering (worn) {ponderous, Will+ MP+10 Int+5}
   (You took it off Gastronok on level 8 of the Dungeon)

   Int:       It affects your intelligence (+5).
   MP:        It affects your magic capacity (+10).
   Will:      It increases your willpower.
 W - a +3 plate armour of poison resistance (worn)
 Y - a +2 cloak (worn)
 Z - the +1 plate armour "Emuewoxt" {Dex+4}
   (You found it on level 6 of the Lair of Beasts)

   Dex:       It affects your dexterity (+4).
Jewellery
 a - a +6 ring of dexterity (left hand)
 c - a +6 ring of intelligence
 m - a ring of protection from fire (right hand)
 D - a ring of resist corrosion
 F - an amulet of reflection (around neck)
 V - the ring "Rixzoh" {rF++ Slay-4 SInv}
   (You found it on level 6 of the Lair of Beasts)

   [ring of see invisible]

   Slay:      It affects your accuracy & damage with ranged weapons and melee
   (-4).
   rF:        It greatly protects you from fire.
   SInv:      It lets you see invisible.
Wands
 d - a wand of charming (5)
 k - a wand of paralysis (6)
 y - a wand of digging (9)
 S - a wand of acid (15)
 U - a wand of iceblast (9)
Scrolls
 f - 3 scrolls of teleportation
 j - a scroll of enchant weapon
 p - 3 scrolls of immolation
 u - a scroll of fog
 x - 2 scrolls of brand weapon
 A - 3 scrolls of fear
 B - a scroll of magic mapping
 H - 5 scrolls of amnesia
 K - 2 scrolls of blinking
 M - 2 scrolls of summoning
Potions
 h - 6 potions of attraction
 n - 4 potions of curing
 o - a potion of cancellation
 q - a potion of ambrosia
 r - a potion of mutation
 s - 2 potions of berserk rage
 t - a potion of invisibility
 v - 2 potions of flight
 z - 2 potions of brilliance
 J - 3 potions of might
 O - 3 potions of haste
 R - 3 potions of lignification
 X - a potion of resistance {unknown}
Miscellaneous
 e - a piece from Xom's chessboard (15/15)
 i - a box of beasts
 E - a condenser vane
 P - a tin of tremorstones (inert)


   Skills:
 * Level 10.1 Fighting
 + Level 12.1 Maces & Flails
 * Level 8.8 Armour
 + Level 5.5 Dodging
 - Level 3.7 Stealth
 + Level 6.1 Shields
 * Level 4.9 Spellcasting
 + Level 4.1 Conjurations
 * Level 7.2 Necromancy
 * Level 3.0 Transmutations
 + Level 6.3 Earth Magic
 + Level 7.5 Invocations
 + Level 4.9 Evocations


You had 11 spell levels left.
You knew the following spells:

 Your Spells              Type           Power      Damage    Failure   Level
a - Sandblast             Erth           60%        2d14      11%         1
b - Pain                  Necr           100%       1d9       7%          1
c - Stone Arrow           Conj/Erth      50%        3d10      45%         3
d - Dispel Undead         Necr           34%        3d15      56%         4
e - Passwall              Tmut/Erth      19%        N/A       32%         2

Your spell library contained the following spells:

 Spells                   Type           Power      Damage    Failure   Level
 Sublimation of Blood     Necr           17%        N/A       11%         2
 Sting                    Tmut/Pois      40%        1d5       61%         1
 Static Discharge         Conj/Air       13%        N/A       67%         2
 Apportation              Tloc           8%         N/A       82%         1
 Agony                    Necr           34%        N/A       89%         5
 Excruciating Wounds      Necr           17%        N/A       89%         5
 Poisonous Vapours        Pois/Air       8%         N/A       91%         2
 Slow                     Hex            4%         N/A       91%         2
 Petrify                  Tmut/Erth      23%        N/A       91%         4
 Mephitic Cloud           Conj/Pois/Air  10%        N/A       94%         3
 Ignite Poison            Fire/Tmut/Pois 8%         N/A       96%         3
 Leda's Liquefaction      Hex/Erth       8%         N/A       98%         4
 Confusing Touch          Hex            4%         N/A       99%         3
 Ozocubu's Armour         Ice            4%         N/A       99%         3
 Portal Projectile        Hex/Tloc       8%         N/A       99%         3
 Sticky Flame             Conj/Fire      13%        2d4       99%         4
 Cause Fear               Hex            2%         N/A       100%        4
 Olgreb's Toxic Radiance  Pois           4%         N/A       100%        4
 Freezing Cloud           Conj/Ice/Air   5%         6-21      100%        5
 Irradiate                Conj/Tmut      9%         3d17      100%        5
 Metabolic Englaciation   Hex/Ice        2%         N/A       100%        5
 Yara's Violent Unravell  Hex/Tmut       5%         3d4       100%        5
 Dragon Form              Tmut           8%         N/A       100%        7
 Animate Skeleton         Necr           Unusable   N/A       N/A         1
 Summon Small Mammal      Summ           Unusable   N/A       N/A         1
 Call Canine Familiar     Summ           Unusable   N/A       N/A         3
 Summon Guardian Golem    Hex/Summ       Unusable   N/A       N/A         3
 Simulacrum               Ice/Necr       Unusable   N/A       N/A         6
 Dragon's Call            Summ           Unusable   N/A       N/A         9

Dungeon Overview and Level Annotations

Branches:
Dungeon (11/15)            Temple (1/1) D:4            Lair (6/6) D:10
  Swamp (0/4) Lair:3       Spider (0/4) Lair:2        Slime (0/5) Lair:5
    Orc (0/2) D:9

Altars:
Ashenzari
Cheibriados
Dithmenos
Elyvilon
Fedhas
Gozag
Hepliaklqana
Kikubaaqudgha
Makhleb
Nemelex Xobeh
Okawaru
Qazlal
Ru
Sif Muna
Trog
Uskayaw
Vehumet
Wu Jian
Xom
Yredelemnul
Zin
The Shining One
Jiyva


Innate Abilities, Weirdness & Mutations

You are completely covered in rugged brown scales. (AC +3, +7% HP)
You have supernaturally acute eyesight. (SInv)
Armour fits poorly on your strangely shaped body.
You can roll at nearby foes to attack.
You have a long armoured tail.
You curl defensively after being hit.


Message History

You whack the dream sheep!
You kill the dream sheep!
Okawaru accepts your kill.
The dream sheep shake their wool and sparkle.
You feel drowsy...
You fall asleep.
The large abomination hits you!!
You wake up.
* * * LOW HITPOINT WARNING * * *
You hit the large abomination.
You tail-slap the large abomination, but do no damage.
The large abomination is lightly damaged.
You block the large abomination's attack.
You hit the large abomination.
Your tail-slap misses the large abomination.
The large abomination is lightly damaged.
You barely miss the large abomination.
The large abomination is lightly damaged.
You block the large abomination's attack.
You hit the large abomination but do no damage.
The large abomination is lightly damaged.
You hit the large abomination.
The large abomination is lightly damaged.
You thrash the large abomination!!
You tail-slap the large abomination, but do no damage.
The large abomination is heavily damaged.
The large abomination hits you!
* * * LOW HITPOINT WARNING * * *
You are confused.
You feel invigorated.
The large abomination hits you but does no damage.
You bump into the demonic tree.
The large abomination hits you but does no damage.
You hit the large abomination.
You tail-slap the large abomination, but do no damage.
The large abomination is heavily damaged.
You are too confused!
The dream sheep shake their wool and sparkle.
You feel drowsy...
You fall asleep.
The large abomination hits you!!!
Ouch! That really hurt!
You die...

♣♣Y♣♣ ♣. ♣♣.♣
♣♣ ♣Y†♣ ♣ ♣Y♣♣
.♣♣ ♣.♣♣ .. ♣
♣)Y♣♣ ♣.♣ ♣
♣.Y.♣ ..♣ ♣
♣♣.X♣♣..♣ ♣
♣.@...♣ ♣♣
♣....♣♣ ♣.
♣♣...♣♣ ♣#
♣....♣ ♣
♣....♣ ♣♣...♣♣
♣♣..†♣ ♣♣♣♣♣
♣♣..♣♣♣♣♣♣...♣
♣...♣♣......♣


You could see a large abomination and 4 dream sheep.

Vanquished Creatures
  Gastronok (D:8)
  Snorg (D:11)
  4 boulder beetles
  Fannar (D:11)
  9 hydras
  A catoblepas (Lair:5)
  3 two-headed ogres
  Urug (D:11)
  10 death yaks
  4 lindwurms (Lair:3)
  A necromancer (D:11)
  Pikel (D:3)
  A deep elf zephyrmancer (D:8)
  2 ugly things
  5 elephants
  7 black mambas
  11 cane toads
  A torpor snail (Lair:2)
  A smoke demon (Lair:6)
  2 rime drakes (Lair:6)
  An ancient zyme (Lair:6)
  10 komodo dragons
  4 jumping spiders (Lair:2)
  3 trolls
  2 polar bears (Lair:5)
  3 dream sheep (Lair:6)
  26 blink frogs
  A spriggan (Lair:6)
  4 wraiths
  2 ynoxinuls (Lair:6)
  5 redbacks (Lair:2)
  A tarantella (shapeshifter) (Lair:6)
  Sigmund (D:2)
  12 basilisks
  57 yaks
  2 wyverns
  Eustachio (D:3)
  2 chaos spawn (Lair:6)
  A steam dragon (D:6)
  A swamp worm (Lair:3)
  An acid dragon (D:8)
  14 water moccasins
  An ice beast (D:8)
  5 orc warriors
  2 sky beasts
  2 black bears
  3 necrophages
  An ogre (D:4)
  5 wolves (Lair:5)
  8 centaurs
  4 lemures
  2 phantoms
  2 kobold brigands
  15 bullfrogs
  3 gnoll sergeants
  11 small abominations (Lair:6)
  A water moccasin skeleton (D:5)
  11 killer bees
  4 wights
  2 howler monkeys
  6 electric eels
  3 centaur skeletons
  5 centaur zombies
  A hound (D:5)
  8 orc priests
  An iron imp (D:6)
  4 iguanas
  12 orc wizards
  4 polar bear simulacra (D:11)
  2 yak simulacra (D:11)
  2 wolf simulacra (D:11)
  A killer bee zombie (D:7)
  2 howler monkey skeletons
  20 gnolls
  7 adders
  A white imp (D:8)
  A worm (D:3)
  3 dart slugs
  30 orcs
  11 ball pythons
  3 bats (D:1)
  2 endoplasms
  8 giant cockroaches
  7 hobgoblins
  5 quokkas
  A frilled lizard (D:2)
  6 goblins
  10 kobolds
  7 rats
  3 river rat simulacra (D:11)
479 creatures vanquished.

Vanquished Creatures (collateral kills)
  Jessica (D:2)
  An orc wizard (D:2)
  An adder skeleton (D:4)
  A rat (D:3)
4 creatures vanquished.

Vanquished Creatures (others)
  A centaur zombie (D:7)
  An orc (D:2)
  2 gnolls (D:2)
  A bat (D:2)
  A ball python (D:2)
  A kobold (D:7)
  37 fungi
  91 plants
135 creatures vanquished.

Grand Total: 618 creatures vanquished

Notes
Turn   | Place    | Note
-------+----------+-------------------------------------------
     0 | D:1      | marklar909 the Palentonga Artificer began the quest for the
                  | Orb.
     0 | D:1      | Reached XP level 1. HP: 16/16 MP: 1/1
   332 | D:1      | Reached XP level 2. HP: 21/22 MP: 2/2
   904 | D:1      | Reached XP level 3. HP: 9/27 MP: 3/3
  1516 | D:2      | Noticed Sigmund
  1523 | D:2      | Killed Sigmund
  1524 | D:2      | Reached skill level 2 in Maces & Flails
  1524 | D:2      | Reached skill level 1 in Dodging
  1524 | D:2      | Reached skill level 1 in Stealth
  1524 | D:2      | Reached XP level 4. HP: 35/35 MP: 4/4
  1524 | D:2      | Reached XP level 5. HP: 40/40 MP: 5/5
  2460 | D:2      | Noticed Jessica
  2479 | D:2      | Killed Jessica
  2480 | D:2      | Reached XP level 6. HP: 5/48 MP: 6/6
  2929 | D:2      | Identified a scroll of acquirement
  2929 | D:2      | Acquired the +6 lightning scales {swift, rElec}
  2929 | D:2      | Found the +6 lightning scales {swift, rElec}
  3172 | D:3      | Found a faded altar of an unknown god.
  3175 | D:3      | Noticed a sky beast
  3564 | D:3      | Killed a sky beast
  3565 | D:3      | Reached skill level 3 in Maces & Flails
  3663 | D:4      | Noticed Eustachio
  3713 | D:3      | Gained mutation: You curl defensively after being hit.
                  | [Palentonga growth]
  3713 | D:3      | Reached XP level 7. HP: 47/54 MP: 7/7
  4275 | D:4      | Noticed Pikel
  4615 | D:4      | Found a staircase to the Ecumenical Temple.
  5047 | D:4      | Found a glowing silver altar of Zin.
  5069 | D:4      | Found an opulent altar of Gozag.
  5106 | D:4      | Learned a level 1 spell: Sandblast
  5405 | Temple   | Entered the Ecumenical Temple
  5623 | Temple   | Became a worshipper of Warmaster Okawaru
  5661 | D:5      | Entered Level 5 of the Dungeon
  5661 | D:5      | Noticed a yak
  5661 | D:5      | Noticed a yak
  5661 | D:5      | Noticed a yak
  5661 | D:5      | Noticed a yak
  5725 | D:4      | Killed a yak
  5753 | D:4      | Reached skill level 4 in Maces & Flails
  5753 | D:4      | Reached skill level 1 in Spellcasting
  5753 | D:4      | Reached skill level 1 in Earth Magic
  6069 | D:3      | Killed Eustachio
  6069 | D:3      | Reached * piety under Okawaru
  6291 | D:3      | Killed Pikel
  6292 | D:3      | Reached XP level 8. HP: 49/64 MP: 8/10
  6573 | D:5      | Reached ** piety under Okawaru
  6956 | D:5      | Reached skill level 5 in Maces & Flails
  7277 | D:5      | Reached XP level 9. HP: 68/69 MP: 10/12
  8314 | D:6      | Reached skill level 5 in Armour
  8348 | D:6      | Acquired a +0 great mace of protection
  8499 | D:6      | Found a snail-covered altar of Cheibriados.
  8812 | D:6      | Found a shimmering blue altar of Sif Muna.
  8824 | D:6      | Found a radiant altar of Vehumet.
  9271 | D:7      | Reached skill level 5 in Fighting
  9307 | D:7      | Reached skill level 6 in Maces & Flails
  9333 | D:7      | Reached *** piety under Okawaru
  9569 | D:7      | Learned a level 1 spell: Pain
  9573 | D:7      | Learned a level 3 spell: Stone Arrow
  9578 | D:7      | Learned a level 4 spell: Dispel Undead
 10379 | D:8      | Learned a level 2 spell: Passwall
 10486 | D:8      | Reached XP level 10. HP: 61/79 MP: 14/14
 10594 | D:8      | Noticed a two-headed ogre
 10601 | D:8      | Killed a two-headed ogre
 10602 | D:8      | Reached skill level 7 in Maces & Flails
 10602 | D:8      | Reached skill level 1 in Shields
 10940 | D:8      | Found a hide-covered altar of Uskayaw.
 10950 | D:8      | Reached **** piety under Okawaru
 11132 | D:8      | Noticed Gastronok
 11320 | D:8      | Identified the +1 leather armour of Purpose {rElec rN+
                  | Stlth+}
 11397 | D:8      | Reached skill level 1 in Necromancy
 11397 | D:8      | Reached skill level 1 in Transmutations
 11544 | D:8      | Killed Gastronok
 11545 | D:8      | Reached skill level 8 in Maces & Flails
 11873 | D:8      | Noticed a deep elf zephyrmancer
 11883 | D:8      | Killed a deep elf zephyrmancer
 11883 | D:8      | Reached ***** piety under Okawaru
 12071 | D:9      | Found a staircase to the Orcish Mines.
 12216 | D:8      | Reached XP level 11. HP: 81/88 MP: 16/16
 12514 | D:9      | Found a sparkling altar of Nemelex Xobeh.
 12635 | D:9      | Received a gift from Okawaru
 13375 | D:9      | Noticed a white ugly thing
 13881 | D:9      | Killed a white ugly thing
 13882 | D:9      | Reached skill level 1 in Invocations
 14460 | D:9      | Reached skill level 5 in Earth Magic
 14656 | D:10     | Entered Level 10 of the Dungeon
 14999 | D:10     | Received a gift from Okawaru
 15012 | D:10     | Noticed a two-headed ogre
 15030 | D:10     | Killed a two-headed ogre
 15031 | D:10     | Reached skill level 9 in Maces & Flails
 15264 | D:10     | Found a shadowy altar of Dithmenos.
 15620 | D:10     | Found a sacrificial altar of Ru.
 15656 | D:10     | Found a staircase to the Lair.
 16332 | D:11     | Noticed Fannar
 16344 | D:11     | Killed Fannar
 16576 | D:11     | Noticed a two-headed ogre
 16588 | D:11     | Killed a two-headed ogre
 16589 | D:11     | Reached skill level 1 in Conjurations
 16630 | D:11     | Identified the ring of Xom's Wantonness {Ice Int+2 Stlth+}
 16632 | D:11     | Noticed Snorg
 16644 | D:11     | Noticed Urug
 16661 | D:11     | Reached XP level 12. HP: 38/97 MP: 18/18
 16674 | D:11     | Killed Urug
 16707 | D:11     | Found the +3 crown of Dyrovepreva {rElec Int+2 SInv}
 17016 | D:11     | Noticed a boulder beetle
 17017 | D:11     | Noticed a five-headed hydra
 17026 | D:11     | Killed a boulder beetle
 17041 | D:11     | Killed a five-headed hydra
 17051 | D:11     | Noticed a boulder beetle
 17591 | D:11     | Killed Snorg
 17643 | D:11     | Killed a boulder beetle
 18055 | D:11     | Upgraded the game from 0.28-a0-697-g47f3eba078 to
                  | 0.28-a0-706-gf6f64a616a
 18161 | Lair:1   | Entered Level 1 of the Lair of Beasts
 18628 | Lair:1   | Reached skill level 10 in Maces & Flails
 18796 | Lair:1   | Received a gift from Okawaru
 20022 | Lair:2   | Found a hole to the Spider Nest.
 20606 | Lair:2   | Noticed a death yak
 20631 | Lair:2   | Noticed a death yak
 20639 | Lair:2   | Killed a death yak
 20647 | Lair:2   | Killed a death yak
 20648 | Lair:2   | Reached skill level 5 in Invocations
 21000 | Lair:2   | Reached skill level 5 in Dodging
 21000 | Lair:2   | Reached skill level 5 in Necromancy
 21246 | Lair:2   | Reached XP level 13. HP: 105/105 MP: 19/19
 23431 | Lair:3   | Received a gift from Okawaru
 24037 | Lair:3   | Found a staircase to the Swamp.
 24560 | Lair:4   | Reached skill level 5 in Shields
 24646 | Lair:3   | Reached skill level 11 in Maces & Flails
 24805 | Lair:3   | Reached ****** piety under Okawaru
 26288 | Lair:5   | Found a viscous altar of Jiyva.
 26492 | Lair:5   | Found a staircase to the Slime Pits.
 26863 | Lair:5   | Reached XP level 14. HP: 115/115 MP: 21/21
 26884 | Lair:5   | Found a radiant altar of Vehumet.
 27872 | Lair:6   | Entered Level 6 of the Lair of Beasts
 28063 | Lair:6   | Identified the ring "Rixzoh" {rF++ Slay-4 SInv}
 28097 | Lair:6   | Received a gift from Okawaru
 30167 | Lair:6   | Reached skill level 12 in Maces & Flails
 30211 | Lair:6   | Identified the +1 plate armour "Emuewoxt" {Dex+4}
 30364 | Lair:3   | Identified the +11 whip "Tyfrat" {drain, Str+5 Int+3 SInv
                  | Stlth-}
 30486 | Lair:6   | Reached skill level 10 in Fighting
 30577 | Lair:6   | Found the +9 staff of Olgreb {rPois∞}
 30687 | Lair:6   | Annihilated by a large abomination

Illustrated notes

Levels and vault maps discovered:
D:1:      minmay_arrival_semitransparent, layout_loops_corners,
          serial_bayou_pond_b, dk_noncrumbling_3
D:2:      layout_rooms, uniq_jessica, uniq_sigmund
D:3:      layout_rooms, hellmonk_ecumenical_altar_pennies_from_heaven,
          kennysheep_generic_room_4
D:4:      layout_cave_pools, pdpol_temple_overflow_zin_treasury_gozag_greed,
          minmay_temple_entry_mini_moons, corexii_corridor_pit, uniq_eustachio,
          uniq_pikel
D:5:      layout_cave_pods, grunt_ministairs_9, nrook_pool_corridor
D:6:      layout_loops_ring, mainiacjoe_overflow_large_starburst, slow_altar_1,
          minivault_19
D:7:      layout_loops_ring, lemuel_flame_loot_1
D:8:      layout_loops_ring, lemuel_crystal_altar, serial_park_tiny_1,
          guppyfry_early_elven_hall, uniq_gastronok
D:9:      minmay_polygon_palace, layout_rooms, general_overflow_altar,
          serial_corexii_hall, chequers_hall_statues_y, corexii_hall_statues_s,
          corexii_hall_statues_x, corexii_hall_statues_i,
          corexii_hall_statues_l, chequers_hall_statues_y
D:10:     wad_river_or_something, layout_irregular_city,
          lemuel_coloured_pillars_altar, mainiacjoe_overflow_surrounded_room,
          david_lair_shrubbed, st_stairs_14
D:11:     layout_cave_pools, eino_house_with_fridge, uniq_urug, uniq_fannar,
          uniq_snorg
Temple:   dshaligram_water_room_temple
Lair:1:   layout_chaotic_city, serial_bayou_pond_b,
          grunt_forest_small_clearing_treed, serial_bayou_shore_a,
          serial_bayou_shore_b
Lair:2:   layout_gridlike, nicolae_spider_entry_tight_spaces, minivault_26,
          small_statue_intersection, lemuel_fruit_fields, lemuel_fruit_fields
Lair:3:   layout_cave_pods, palyth_hydra_swamp_entry, minmay_lindwurm_lava
Lair:4:   layout_layer_cave, serial_bayou_lagoon_a,
          nicolae_quartered_pool_little
Lair:5:   layout_cave_pods, slime_altar_1, basic_altar,
          kennysheep_basilisk_garden
Lair:6:   hellmonk_lair_end_abyssal_woods, layout_hall_layers,
          lemuel_fruit_fields

Skill      XL: |  1  2  3  4  5  6  7  8  9 10 11 12 13 14 |
---------------+-------------------------------------------+-----
Evocations     | 3 4 |  4.9
Fighting       | 2 3 4 5 6 7 8 9 10 | 10.1
Maces & Flails | 2 3 4 5 6 8 9 10 11 12 | 12.1
Armour         | 2 4 5 6 7 8 |  8.8
Dodging        | 1 2 3 4 5 |  5.5
Stealth        | 1 2 3 |  3.7
Spellcasting   | 1 2 3 4 |  4.9
Earth Magic    | 1 2 4 5 6 |  6.3
Shields        | 1 2 4 5 6 |  6.1
Necromancy     | 2 3 5 6 7 |  7.2
Transmutations | 2 3 |  3.0
Invocations    | 3 5 6 7 |  7.5
Conjurations   | 1 2 4 |  4.1

Action                   |  1- 3 |  4- 6 |  7- 9 | 10-12 | 13-15 || total
-------------------------+-------+-------+-------+-------+-------++-------
Melee: Club              |    49 |       |       |       |       ||    49
       Tailslap          |    14 |    29 |    71 |   133 |   173 ||   420
       Whip              |    51 |   144 |   403 |       |    74 ||   672
       Great mace        |       |       |   115 |   222 |       ||   337
       Morningstar       |       |       |       |   429 |   760 ||  1189
 Cast: Sandblast         |       |       |    39 |    66 |       ||   105
       Pain              |       |       |       |     7 |       ||     7
       Stone Arrow       |       |       |       |    35 |    25 ||    60
Invok: Heroism           |       |       |       |     6 |     6 ||    12
       Finesse           |       |       |       |       |     3 ||     3
 Abil: Rolling Charge    |       |       |     5 |     4 |     1 ||    10
Evoke: Piece from Xom's  |    17 |     8 |     6 |    15 |    10 ||    56
       Wand              |     7 |    15 |     9 |    15 |     2 ||    48
       Tin of tremorston |       |       |       |       |     3 ||     3
  Use: Scroll            |       |     4 |     6 |    23 |     2 ||    35
       Potion            |       |       |       |     2 |     4 ||     6
 Stab: Paralysed         |     3 |     4 |       |       |       ||     7
       Sleeping          |       |     1 |     7 |     6 |     2 ||    16
       Petrified         |       |       |       |     8 |     8 ||    16
       Petrifying        |       |       |       |     1 |     1 ||     2
       Confused          |       |       |       |     2 |     4 ||     6
       Distracted        |       |       |       |       |     1 ||     1
Armor: Leather armour    |    38 |    33 |   187 |   443 |       ||   701
       Ring mail         |       |    33 |   201 |     6 |   291 ||   531
       Plate armour      |       |       |       |       |   327 ||   327
Dodge: Dodged            |    56 |    57 |   240 |   271 |   234 ||   858
Block: Other             |       |       |    65 |    77 |       ||   142
       Buckler           |       |       |       |   217 |   435 ||   652
       Reflection        |       |       |       |     9 |     2 ||    11

Table legend: (Time is in decaauts)
 A = Elapsed time spent in this place.
 B = Non-inter-level travel time spent in this place.
 C = Inter-level travel time spent in this place.
 D = Time resting spent in this place.
 E = Time spent auto-exploring this place.
 F = Levels seen in this place.
 G = Mean time per level.
                   A        B        C        D        E       F      G
               +--------+--------+--------+--------+--------+-----+--------+
         Total |  30300 |  28091 |   2209 |   8061 |  14979 |  18 | 1683.3 |
       Dungeon |  17677 |  16489 |   1188 |   4840 |   8613 |  11 | 1607.0 |
        Temple |    211 |      3 |    208 |      0 |      0 |   1 |  211.0 |
          Lair |  12411 |  11600 |    811 |   3221 |   6366 |   6 | 2068.5 |
               +--------+--------+--------+--------+--------+-----+--------+

Top non-repeatable levels by time:
  Lair:3: 3033 daAuts
     D:8: 2560 daAuts
  Lair:2: 2447 daAuts
  Lair:6: 2267 daAuts
    D:10: 2119 daAuts
     D:9: 1947 daAuts
  Lair:5: 1908 daAuts
     D:1: 1838 daAuts
     D:3: 1638 daAuts
  Lair:4: 1603 daAuts
     D:5: 1565 daAuts
     D:4: 1456 daAuts
    D:11: 1447 daAuts
     D:2: 1319 daAuts
  Lair:1: 1151 daAuts
